 Dungeon Crawl Stone Soup version 0.20-a0-463-g5747544 (console) character file.

86 Gottschkopf the Skirmisher (level 4, 0/40 HPs)
             Began as a Barachian Fighter on Jan 11, 2017.
             Killed by nerve-wracking pain
             ... invoked by Grinder
              (13 damage)
             ... on level 3 of the Dungeon.
             The game lasted 00:05:31 (1879 turns).

Gottschkopf the Skirmisher (Barachian Fighter)      Turns: 1879, Time: 00:05:31

Health: 0/40       AC: 12    Str: 20    XL:     4   Next: 49%
Magic:  4/4        EV:  5    Int:  6    God:
Gold:   79         SH:  9    Dex: 10    Spells: 3/3 levels left

rFire  . . .     SeeInvis .     a - +0 long sword
rCold  . . .     Gourm    .     x - +0 chain mail
rNeg   . . .     Faith    .     c - +0 shield
rPois  .         Spirit   .     v - +0 helmet
rElec  .         Reflect  .     p - +0 cloak
rCorr  .         Harm     .     (no gloves)
MR     .....                    w - +0 pair of boots
Stlth  ..........               (no amulet)
                                (no ring)
                                (no ring)

@: mighty, slow
A: swims, slowness 1, strong legs 1
a: Hop


You were on level 3 of the Dungeon.
You were not hungry.

You visited 1 branch of the dungeon, and saw 3 of its levels.

You collected 79 gold pieces.

Inventory:

Hand Weapons
 a - a +0 long sword (weapon)
Armour
 c - a +0 shield (worn)
 p - a +0 cloak (worn)
 v - a +0 helmet (worn)
 w - a +0 pair of boots (worn)
 x - a +0 chain mail (worn)
Jewellery
 l - an uncursed ring of ice
Scrolls
 e - 3 scrolls of identify {unknown}
 i - a scroll of enchant armour {unknown}
 k - 2 scrolls of recharging {unknown}
 t - a scroll of teleportation {unknown}
 u - a scroll of enchant weapon {unknown}
Potions
 d - a potion of might
 h - 2 potions of curing {unknown}
 m - a potion of agility {unknown}
 o - a potion of heal wounds {unknown}
 q - a potion of lignification {unknown}
 r - 2 potions of flight {unknown}
 s - a potion of resistance {unknown}
Comestibles
 f - 5 bread rations
 g - a slice of pizza
 j - 13 chunks of flesh
 n - a meat ration


   Skills:
 + Level 5.6 Fighting
 - Level 2.1 Long Blades
 - Level 3.2 Armour
 - Level 3.0 Shields


You had 3 spell levels left.
You didn't know any spells.

Dungeon Overview and Level Annotations

Branches:
Dungeon (3/15)

Altars:

Annotations:
D:3 Grinder


Innate Abilities, Weirdness & Mutations

You can swim through water.
You cover ground slowly.
You can hop short distances.


Message History

You block Grinder's attack.
Your shield prevents you from hitting Grinder.
Grinder is lightly wounded.
Grinder hits you!
You writhe in agony.
You are too injured to fight recklessly!
You are too injured to fight recklessly!
You are too injured to fight recklessly!
You are too injured to fight recklessly!
You are too injured to fight recklessly!
Your shield and chain mail prevent you from hitting Grinder.
Grinder is lightly wounded.
You block Grinder's attack.
You feel very mighty all of a sudden. Grinder hits you but does no damage.
You closely miss Grinder.
Grinder is lightly wounded.
Grinder hits you. Grinder gestures at you. Pain shoots through your body!
You die...

.#...... ..
.[<..... #.
##...... ..
.## # .## ..#
.. .. #.# ...
#.##.##...
###)........
#...@5.#
.....###..#
.## ##.##
#..# #..#
#..##
##..####
#.....#######
##...)......#


You could see Grinder.

Vanquished Creatures
  2 adders (D:2)
  An ooze (D:1)
  A worm (D:2)
  A dart slug (D:1)
  5 leopard geckos
  3 orcs (D:3)
  5 bats
  3 giant cockroaches
  8 goblins
  5 hobgoblins
  2 jackals (D:3)
  A ball python (D:1)
  7 kobolds
  4 rats
48 creatures vanquished.

Notes
Turn   | Place    | Note
-------+----------+-------------------------------------------
     0 | D:1      | Gottschkopf the Barachian Fighter began the quest for the Orb.
     0 | D:1      | Reached XP level 1. HP: 18/18 MP: 1/1
   195 | D:1      | Reached skill level 4 in Fighting
   195 | D:1      | Reached XP level 2. HP: 24/25 MP: 2/2
   488 | D:1      | Reached XP level 3. HP: 24/31 MP: 3/3
  1102 | D:2      | Reached skill level 5 in Fighting
  1358 | D:2      | Reached XP level 4. HP: 34/39 MP: 4/4
  1862 | D:3      | Noticed Grinder
  1869 | D:3      | Paralysed by Grinder for 5 turns
  1879 | D:3      | Killed from afar by Grinder

Vault maps used:
D:1:      dpeg_arrival_simpleton_b, hangedman_decor_points
D:2:      first_bread
D:3:      uniq_grinder

Skill      XL: |  1  2  3 |
---------------+----------+-----
Fighting       | 4 5 |  5.6
Long Blades    | |  2.1
Armour         | |  3.2
Shields        | |  3.0

Action                   |  1- 3 |  4- 6 || total
-------------------------+-------+-------++-------
Melee: Long sword        |   143 |    72 ||   215
  Use: Potion            |       |     1 ||     1
  Eat: Chunk             |     2 |     2 ||     4
Armor: Scale mail        |    77 |    37 ||   114
       Chain mail        |       |     5 ||     5
Dodge: Dodged            |    42 |    22 ||    64
Block: Shield            |    90 |    34 ||   124
       Rpst.: Long sword |    13 |     5 ||    18
